 Dungeon Crawl Stone Soup version 0.29.1-4-g47bece8355 (webtiles) character file.

Game seed: 106865821327884152

359 KittyFluff the Cudgeller (level 6, -7/58 HPs)
             Began as a Gargoyle Berserker on Dec 7, 2022.
             Was a Priest of Trog.
             Killed by divine providence
             ... invoked by an orc priest
              (14 damage)
             ... on level 5 of the Dungeon.
             The game lasted 00:16:00 (4110 turns).

KittyFluff the Cudgeller (Gargoyle Berserker)       Turns: 4110, Time: 00:16:02

Health: -7/58      AC:  3    Str: 20    XL:     6   Next: 65%
Magic:  6/6        EV: 12    Int:  8    God:    Trog [***...]
Gold:   153        SH:  0    Dex: 11    Spells: 5/5 levels left

rFire   . . .      SeeInvis .   s - +5 club
rCold   + . .      Faith    .   (no shield)
rNeg    + . .      Spirit   .   b - +0 animal skin
rPois   ∞          Reflect  .   (no helmet)
rElec   +          Harm     .   (no cloak)
rCorr   .          Rampage  .   (no gloves)
Will    .....                   f - +0 pair of boots
Stlth   ..........              (no amulet)
HPRegen 0.19/turn               u - ring of protection from cold
MPRegen 0.10/turn               (no ring)

@: berserking, corroded, very quick
A: sickness immunity, AC +4, negative energy resistance 1, electricity
resistance, torment resistance 1, petrification resistance
a: Renounce Religion, Berserk, Trog's Hand


You were on level 5 of the Dungeon.
You worshipped Trog.
Trog was most pleased with you.
You visited 1 branch of the dungeon, and saw 5 of its levels.

You collected 153 gold pieces.

Inventory:

Hand Weapons
 a - a +0 mace
 k - a +0 sling
 s - a +5 club (weapon)
Missiles
 c - 35 stones (quivered)
 d - 2 javelins
 y - 6 poisoned darts
Armour
 b - a +0 animal skin (worn)
 f - a +0 pair of boots (worn)
 w - a +0 robe of the Archmagi
Jewellery
 u - a ring of protection from cold (left hand)
Wands
 o - a wand of polymorph (10)
Scrolls
 g - 2 scrolls of vulnerability {unknown}
 i - 2 scrolls of immolation {unknown}
 j - 3 scrolls of teleportation {unknown}
 l - 2 scrolls of noise {unknown}
 r - 2 scrolls of poison {unknown}
 t - a scroll of magic mapping {unknown}
 A - a scroll of amnesia {unknown}
Potions
 h - 4 potions of curing
 m - a potion of berserk rage
 n - a potion of lignification
 q - 2 potions of degeneration {unknown}
 v - a potion of heal wounds {unknown}
 x - a potion of haste {unknown}


   Skills:
 + Level 4.5 Fighting
 + Level 5.3 Maces & Flails
 * Level 3.5 Armour
 + Level 2.5 Dodging
 + Level 1.5 Stealth


You had 5 spell levels left.
You didn't know any spells.
Your spell library was empty.

Dungeon Overview and Level Annotations

Branches:
Dungeon (5/15)
 Temple: D:4-7

Altars:
Nemelex Xobeh
Sif Muna

Annotations:
D:4 1 transporter


Innate Abilities, Weirdness & Mutations

You are immune to sickness and miasma.
Your stone body is resilient. (AC +4)
You are immune to poison.
You resist negative energy. (rN+)
You are resistant to electric shocks. (rElec)
You are resistant to unholy torment.
You are immune to petrification.


Message History

The orc closely misses you. The orc priest barely misses you.
You completely miss the phantom.
The phantom is heavily damaged.
The phantom barely misses you.
The orc priest hits you but does no damage.
The orc misses you. The jelly barely misses you.
The orc hits you but does no damage.
You barely miss the phantom. Your punch misses the phantom.
The phantom is heavily damaged.
The phantom closely misses you.
The orc priest hits you but does no damage.
The orc hits you with a +2 trident of venom.
The jelly hits you. The acid corrodes you!
You are splashed with acid.
The orc hits you with a +0 short sword.
You closely miss the phantom.
The phantom is heavily damaged.
The orc hits you with a +0 short sword. The phantom completely misses you.
The orc priest closely misses you. The orc closely misses you.
The jelly misses you.
You barely miss the phantom.
The phantom is heavily damaged.
The phantom closely misses you.
The orc priest hits you with a +0 dagger.
The orc hits you but does no damage.
The orc hits you with a +2 trident of venom.
The jelly hits you but does no damage.
You hit the phantom.
The phantom is heavily damaged.
The jelly closely misses you. The phantom hits you.
The orc hits you with a +2 trident of venom.
* * * LOW HITPOINT WARNING * * *
The orc priest hits you with a +0 dagger.
* * * LOW HITPOINT WARNING * * *
The orc hits you with a +0 short sword.
* * * LOW HITPOINT WARNING * * *
A red film seems to cover your vision as you go berserk!
You feel yourself moving faster!
You feel mighty! The orc misses you.
The orc priest invokes the aid of Beogh against you.
Beogh smites you!
You die...

### #<# #.######
. #.#>...+...
#.#....#...
#..........
#..W....#
####o@J...?+
#.....oo....#
#...........##.#
#..............#
#......##.......
#......# #####..
#.......
#....... ..


You could see a phantom, a jelly, an orc priest and 2 orcs.

Vanquished Creatures
  2 orc priests (D:4)
  Jessica (D:3)
  4 orc wizards
  An iguana (D:4)
  4 adders
  2 worms
  10 orcs
  8 bats
  7 endoplasms
  4 giant cockroaches
  9 hobgoblins
  8 jackals
  4 quokkas
  9 ball pythons
  4 frilled lizards
  3 goblins
  10 kobolds
  6 rats
96 creatures vanquished.

Vanquished Creatures (others)
  2 fungi (D:2)
  A plant (D:2)
3 creatures vanquished.

Grand Total: 99 creatures vanquished

Notes
Turn   | Place    | Note
-------+----------+-------------------------------------------
     0 | D:1      | KittyFluff the Gargoyle Berserker began the quest for the
                  | Orb.
     0 | D:1      | Reached XP level 1. HP: 14/14 MP: 1/1
   111 | D:1      | Reached XP level 2. HP: 19/19 MP: 2/2
   836 | D:1      | Reached XP level 3. HP: 24/24 MP: 3/3
  1328 | D:2      | Reached ** piety under Trog
  1733 | D:2      | Reached XP level 4. HP: 29/29 MP: 4/4
  2038 | D:2      | Reached skill level 4 in Maces & Flails
  2179 | D:3      | Noticed Jessica
  2186 | D:3      | Killed Jessica
  2384 | D:3      | Reached XP level 5. HP: 33/33 MP: 5/5
  2389 | D:3      | Found a shimmering blue altar of Sif Muna.
  2729 | D:3      | Reached skill level 1 in Stealth
  3012 | D:4      | Reached skill level 5 in Maces & Flails
  3012 | D:4      | Reached XP level 6. HP: 28/39 MP: 6/6
  3483 | D:4      | Reached *** piety under Trog
  3571 | D:4      | Found a sparkling altar of Nemelex Xobeh.
  3571 | D:4      | Found a transporter.
  3571 | D:4      | Noticed a wyvern
  4097 | D:5      | Entered Level 5 of the Dungeon
  4110 | D:5      | Killed from afar by an orc priest

Illustrated notes

Levels and vault maps discovered:
D:1:      mushboom_english_gardens, layout_basic, chequers_serial_rivers_micro_d
D:2:      layout_loops_ring, shapermc_ecumenical_altar_mp_ritualfount,
          wander_ebering_terrifying_dragon_lair
D:3:      layout_rooms, kennysheep_orc_sif_temple, grunt_decor_mini_mirrors,
          hex_large, serial_bayou_pond_a, uniq_jessica
D:4:      layout_loops_corners, grunt_nemelex_the_gamble,
          hangedman_decor_growths
D:5:      layout_basic, trog_butcher_becter, cheibrodos_sewer_entry_drain

Skill      XL: |  1  2  3  4  5 |
---------------+----------------+-----
Fighting       | 4 |  4.5
Maces & Flails | 4 5 |  5.3
Dodging        | 2 |  2.5
Armour         | 3 |  3.5
Stealth        | 1 |  1.5

Action                   |  1- 3 |  4- 6 || total
-------------------------+-------+-------++-------
Melee: Mace              |   123 |    25 ||   148
       Punch             |     1 |       ||     1
       Club              |       |   150 ||   150
Invok: Berserk           |       |     2 ||     2
  Use: Scroll            |       |     4 ||     4
 Stab: Sleeping          |       |     4 ||     4
       Distracted        |       |     1 ||     1
Armor: Animal skin       |    48 |    58 ||   106
Dodge: Dodged            |    87 |   104 ||   191
